[Event "Early-Titled-Tuesday-Blitz-March-12-2024"]
[Site "Chess.com"]
[Date "2024.03.12"]
[Round "1"]
[White "mitrabhaa"]
[Black "kamilianin235"]
[Result "1-0"]
[WhiteElo "2941"]
[BlackElo "2529"]
[TimeControl "180+1"]
[EndTime "8:05:33 PDT"]
[Termination "mitrabhaa won by resignation"]

1. Nf3 d5 2. d4 Nf6 3. Bf4 c5 4. e3 Nc6 5. Nbd2 e6 6. c3 Bd6 7. Ne5 Bxe5 8. dxe5 Nd7 9. Nf3 Qc7 10. Bd3 h6 11. O-O c4 12. Bb1 b5 13. a4 b4 14.
Nd4 bxc3 15. bxc3 Ncxe5 16. Qh5 Ke7 17. e4 Bb7 18. exd5 Bxd5 19. Re1 g5 20. Bg3 Qb7 21. Qe2 f6 22. f3 Kf7 23. Bc2 Rac8 24. Rab1 Qa6 25. f4 Nd3 26. Rf1 Kg7 27. Qh5 N7c5 28. f5 e5 29. Qg6+ Kf8 30. Ne6+ Ke7 31. Qg7+ Kd6 32.
Qxf6 Nxe6 33. Bxd3 1-0

[Event "Early-Titled-Tuesday-Blitz-March-12-2024"]
[Site "Chess.com"]
[Date "2024.03.12"]
[Round "1"]
[White "dianamirza"]
[Black "Statham_01"]
[Result "0-1"]
[WhiteElo "2008"]
[BlackElo "2586"]
[TimeControl "180+1"]
[EndTime "8:05:33 PDT"]
[Termination "Statham_01 won by checkmate"]

1. e4 e5 2. Nf3 Nc6 3. Bb5 Bb4 4. Bxc6 dxc6 5. O-O Bg4 6. a3 Bd6 7. h3 Bh5 8. Nc3 Ne7 9. Qe2 Qd7 10. d3 h6 11.
Be3 c5 12. Nd5 Nxd5 13. exd5 O-O 14. Nxe5 Qf5 15. Nf3 Qxd5 16. Rae1 Rae8 17. g4 Bg6 18. Nh4 Bh7 19. Qf3 Qe5 20. Qg2 Qxb2 21. Nf5 Bxf5 22. gxf5 Qf6 23. Qg4 Re5 24. Bf4 Rxf5 25. Bxd6 cxd6 26.
Kh2 Rg5 27. Qd7 Qf4+ 28. Kh1 Qf3+ 29. Kh2 Qg2# 0-1

[Event "Early-Titled-Tuesday-Blitz-March-12-2024"]
[Site "Chess.com"]
[Date "2024.03.12"]
[Round "1"]
[White "PabloZarnicki"]
[Black "jraosam"]
[Result "1-0"]
[WhiteElo "2577"]
[BlackElo "1978"]
[TimeControl "180+1"]
[EndTime "8:05:33 PDT"]
[Termination "PabloZarnicki won by resignation"]

1. e4 c6 2. d4 d5 3. e5 Bf5 4.
h4 h6 5. g4 Be4 6. f3 Bg6 7. h5 Bh7 8. c4 e6 9. Nc3 Bb4 10. Qb3 Qa5 11. Bd2 Ne7 12. a3 Bxc3 13. Bxc3 Qc7 14. Bb4 dxc4 15. Bxc4 Nd5 16. Bxd5 exd5 17.
Ne2 Nd7 18. Bd6 Qb6 19. Qc3 O-O-O 20. b4 Qb5 21. a4 Qd3 22. Qxd3 Bxd3 23. Nf4 Bh7 24. Kf2 Rhe8 25. b5 f6 26. bxc6 bxc6 27. e6 Nb6 28. Bc5 Kc7 29. e7 Rb8 30. Ne6+ Kd7 31.
Nxg7 a6 32. Nxe8 Kxe8 33. Rhe1 Nc4 34. Ra2 Bb1 35. Rae2 Bd3 36. Re6 Rb2+ 37. Kg3 Nd2 38. Rxf6 Nf1+ 39. Rxf1 Bxf1 40. Rf8+ 1-0

[Event "Early-Titled-Tuesday-Blitz-March-12-2024"]
[Site "Chess.com"]
[Date "2024.03.12"]
[Round "1"]
[White "Russian_berezka"]
[Black "UnTucopalaTimba"]
[Result "1-0"]
[WhiteElo "2584"]
[BlackElo "1986"]
[TimeControl "180+1"]
[EndTime "8:05:35 PDT"]
[Termination "Russian_berezka won by resignation"]

1. d4 Nf6 2. c4 e6 3. Nc3 Bb4 4. e3 O-O 5. Bd2 d5 6. Nf3 b6 7. cxd5 exd5 8. Rc1 Re8 9. Bd3 Bg4 10. Qb3 Bxf3 11. gxf3 Qd6 12. Nb5 Bxd2+ 13. Kxd2 Qd7 14. Nxc7 Nc6 15. Nxe8 Rxe8 16. Bb5 Rc8 17. Qa4 Qf5 18. Rxc6 Rxc6 19. Bxc6 Qxf3 20. Rf1 g6 21. Qd1 Ne4+ 22.
Kc1 Qf5 23. f3 Nd6 24. e4 dxe4 25. fxe4 Qg5+ 26. Kb1 Qa5 27. Bd5 1-0

[Event "Early-Titled-Tuesday-Blitz-March-12-2024"]
[Site "Chess.com"]
[Date "2024.03.12"]
[Round "1"]
[White "sorch29"]
[Black "chito89"]
[Result "1-0"]
[WhiteElo "2488"]
[BlackElo "2834"]
[TimeControl "180+1"]
[EndTime "8:05:40 PDT"]
[Termination "sorch29 won by resignation"]

1. d4 Nf6 2. c4 e6 3. Nf3 c5 4. Nc3 cxd4 5. Nxd4 d5 6. cxd5 Nxd5 7. e4 Nxc3 8. bxc3 a6 9. Be2 Qc7 10. Bd2 b6 11.
O-O Bb7 12. f3 Nd7 13. Kh1 Bd6 14. g3 O-O 15. Rc1 Rac8 16. Be3 Rfd8 17. Qe1 Ne5 18. Nb3 b5 19. Qf2 Ba3 20. Rc2 Nc4 21. Bxc4 Qxc4 22.
Na5 Qc7 23. Bb6 Qe7 24. Nxb7 Qxb7 25. Bxd8 Rxd8 26. Rd2 Rc8 27. Rfd1 Rxc3 28. Rd8+ Bf8 29. Qd4 Rc8 30. Qb4 1-0

[Event "Early-Titled-Tuesday-Blitz-March-12-2024"]
[Site "Chess.com"]
[Date "2024.03.12"]
[Round "1"]
[White "Hikaru"]
[Black "VinzentSpitzl"]
[Result "1-0"]
[WhiteElo "3215"]
[BlackElo "2573"]
[TimeControl "180+1"]
[EndTime "8:05:42 PDT"]
[Termination "Hikaru won by checkmate"]

1. Nf3 d5 2. b3 Nf6 3. c4 e6 4. Bb2 Be7 5. e3 O-O 6. d4 b6 7. cxd5 exd5 8. Bd3 Ba6 9. Bxa6 Nxa6 10. O-O c5 11. dxc5 bxc5 12. Nc3 Rb8 13. Na4 Qd7 14. Qe2 Nb4 15. a3 Nc6 16. Bxf6 gxf6 17. Rac1 Rxb3 18.
Nxc5 Bxc5 19. Rxc5 Rxa3 20. Qb2 Ra5 21. Rxa5 Nxa5 22.
Qxf6 Qe6 23. Qg5+ Kh8 24. Nd4 Qg6 25. Qxd5 Rg8 26. g3 Qg5 27. Qxf7 Qg6 28. Qd5 Qg5 29. Nf5 Rf8 30. e4 Qd8 31. Qe5+ Kg8 32. Qg7# 1-0

[Event "Early-Titled-Tuesday-Blitz-March-12-2024"]
[Site "Chess.com"]
[Date "2024.03.12"]
[Round "1"]
[White "jaskol95"]
[Black "wonderfultime"]
[Result "0-1"]
[WhiteElo "2563"]
[BlackElo "3058"]
[TimeControl "180+1"]
[EndTime "8:05:48 PDT"]
[Termination "wonderfultime won by resignation"]

1. d4 d5 2. Nc3 Nf6 3. Bf4 a6 4. e3 b5 5. a3 Bb7 6. Nf3 e6 7. b4 Bd6 8. Ne5 O-O 9. Bd3 Ne4 10. Ne2 Nd7 11. Nxd7 Qxd7 12. f3 Bxf4 13. Nxf4 Nd6 14. O-O Rfe8 15. Qe1 e5 16. Qh4 g6 17. Nh3 Qe7 18.
Ng5 f6 19. Nh3 a5 20. Rae1 axb4 21. axb4 Ra4 22. dxe5 fxe5 23. Qh6 Nf7 24. Bxb5 Nxh6 25. Bxa4 Ra8 26. Bb3 Qxb4 27. e4 c6 28. exd5 cxd5 29. Ng5 Nf5 30. Ne4 Kg7 31. Ng3 Nd4 32. Rxe5 Nxb3 0-1

[Event "Early-Titled-Tuesday-Blitz-March-12-2024"]
[Site "Chess.com"]
[Date "2024.03.12"]
[Round "1"]
[White "Roosters19"]
[Black "Jimonios"]
[Result "0-1"]
[WhiteElo "2303"]
[BlackElo "2679"]
[TimeControl "180+1"]
[EndTime "8:05:48 PDT"]
[Termination "Jimonios won by resignation"]

1. d4 Nf6 2. Bg5 d5 3. e3 c5 4. Nf3 Nc6 5. c3 Qb6 6. Qb3 c4 7. Qxb6 axb6 8. Be2 b5 9. O-O Bf5 10. Nbd2 e6 11. a3 Bd6 12. Nh4 Bg6 13. Nxg6 hxg6 14.
h3 Nh7 15. Bf4 Bxf4 16. exf4 Nf6 17. Bf3 Ne7 18. Rfe1 Nf5 19. g4 Ne7 20. Kg2 Kd7 21.
Re3 Ne8 22. Rae1 Nc7 23. Nf1 f6 24. Ng3 Rae8 25. Bd1 g5 26. fxg5 fxg5 27. Re5 Ng6 28. Rxg5 Nf4+ 29. Kf3 Ref8 30. Rxg7+ Kd6 31. Nf5+ exf5 32.
Kxf4 Ne6+ 33. Kg3 Nxg7 0-1

[Event "Early-Titled-Tuesday-Blitz-March-12-2024"]
[Site "Chess.com"]
[Date "2024.03.12"]
[Round "1"]
[White "alexrustemov"]
[Black "koncheto"]
[Result "1-0"]
[WhiteElo "2862"]
[BlackElo "2474"]
[TimeControl "180+1"]
[EndTime "8:05:51 PDT"]
[Termination "alexrustemov won by checkmate"]

1. d4 Nf6 2. c4 e6 3. Nf3 c5 4. d5 exd5 5. cxd5 d6 6. Nc3 g6 7.
h3 Bg7 8. e4 O-O 9. Bd3 b5 10.
Bxb5 Nxe4 11. Nxe4 Qa5+ 12. Nfd2 Qxb5 13. Nxd6 Qa6 14.
N2c4 Nd7 15. O-O Nb6 16. Nxb6 axb6 17. Bg5 Bxb2 18. Rb1 Be5 19. Nxc8 Rfxc8 20. d6 f6 21. Bh6 Qxa2 22. Rxb6 Rd8 23. Re1 Qe6 24. f4 Bd4+ 25. Kh2 Qd5 26. Re7 Ra2 27. Qf1 Rxd6 28.
Rbb7 Rd8 29. Rg7+ Kh8 30. Rxh7+ Kg8 31. Rbg7+ Kf8 32. Rh8+ Qg8 33. Rhxg8# 1-0

[Event "Early-Titled-Tuesday-Blitz-March-12-2024"]
[Site "Chess.com"]
[Date "2024.03.12"]
[Round "1"]
[White "Let_it_be_1"]
[Black "JosephRyan"]
[Result "1-0"]
[WhiteElo "2610"]
[BlackElo "2185"]
[TimeControl "180+1"]
[EndTime "8:05:58 PDT"]
[Termination "Let_it_be_1 won by resignation"]

1. e4 e6 2. d4 d5 3. Nd2 Nf6 4. e5 Nfd7 5. Bd3 c5 6. c3 Nc6 7. Ne2 cxd4 8. cxd4 f6 9. exf6 Nxf6 10. Nf3 Bd6 11.
O-O Qc7 12. Bg5 O-O 13. Rc1 h6 14. Bh4 Nh5 15. Bb1 g5 16. Bg3 Nxg3 17. Nxg3 Qf7 18.
Qd3 Bd7 19. a3 Be8 20. b4 a6 21. h3 Qg7 22. Rfe1 Rf6 23. Ne5 Bxe5 24. dxe5 Rf4 25.
Ne2 Rf5 26. Nd4 Rxe5 27. Nxe6 Qe7 28. Rxe5 Nxe5 29. Qxd5 Bf7 30. Qxe5 Qxe6 31. Qxe6 Bxe6 32. Be4 a5 33. Bxb7 Ra7 34. Bc8 Bxc8 35. Rxc8+ Kg7 36. b5 a4 37. b6 Rb7 38. Rc7+ 1-0

[Event "Early-Titled-Tuesday-Blitz-March-12-2024"]
[Site "Chess.com"]
[Date "2024.03.12"]
[Round "1"]
[White "crosky"]
[Black "Goryachkina"]
[Result "0-1"]
[WhiteElo "2311"]
[BlackElo "2691"]
[TimeControl "180+1"]
[EndTime "8:06:02 PDT"]
[Termination "Goryachkina won by resignation"]

1. d4 Nf6 2. Bg5 d5 3. Nd2 Bf5 4. Bxf6 gxf6 5. g3 e5 6. dxe5 fxe5 7. Bg2 Nc6 8. Ngf3 Bg7 9. Nh4 Bg6 10. O-O O-O 11. Nxg6 hxg6 12. c4 d4 13. h4 Ne7 14.
Ne4 Nf5 15. Qb3 Qe7 16. c5 b6 17. Ng5 Rad8 18. Rac1 Bf6 19. cxb6 cxb6 20. Ne4 Nd6 21. Nxd6 Rxd6 22. Qa3 Rfd8 23. Rc2 e4 24. Rfc1 d3 25. exd3 exd3 26. Rc7 Qe6 27. Qxa7 d2 0-1

[Event "Early-Titled-Tuesday-Blitz-March-12-2024"]
[Site "Chess.com"]
[Date "2024.03.12"]
[Round "1"]
[White "matagordo"]
[Black "Alex_Banzea"]
[Result "0-1"]
[WhiteElo "2238"]
[BlackElo "2629"]
[TimeControl "180+1"]
[EndTime "8:06:02 PDT"]
[Termination "Alex_Banzea won by resignation"]

1. d4 Nf6 2. Bf4 g6 3. Nc3 d5 4. e3 Bg7 5. h4 O-O 6. h5 c5 7.
h6 Bh8 8. Nb5 Nc6 9. Nc7 Rb8 10.
Na6 bxa6 11. Bxb8 Nxb8 12. c3 Qb6 13. Qb3 c4 14. Qxb6 axb6 15. f3 Nc6 16. Kd2 Ne8 17. e4 e6 18. Ne2 Nd6 19. exd5 exd5 20. g4 Bf6 21. Bg2 Be6 22. Rae1 b5 23. Kc2 a5 24. a3 b4 25. axb4 axb4 26. Ra1 b3+ 27. Kd1 Nb5 28.
Ra6 Ncxd4 29. cxd4 Nxd4 30. Nc3 Nc2 31. f4 Ne3+ 32.
Ke2 Nxg2 33. Kf3 Bxc3 34. bxc3 d4 35. cxd4 c3 36. Kxg2 Bd5+ 37. Kh2 Bxh1 0-1

[Event "Early-Titled-Tuesday-Blitz-March-12-2024"]
[Site "Chess.com"]
[Date "2024.03.12"]
[Round "1"]
[White "HansOnTwitch"]
[Black "masnyszachistaaa"]
[Result "1-0"]
[WhiteElo "3100"]
[BlackElo "2565"]
[TimeControl "180+1"]
[EndTime "8:06:07 PDT"]
[Termination "HansOnTwitch won by resignation"]

1. e4 c6 2. Nf3 d5 3. d3 dxe4 4. dxe4 Qxd1+ 5. Kxd1 Nf6 6. Nfd2 g5 7. a4 h5 8. Nc3 g4 9. h3 gxh3 10. gxh3 Rg8 11. a5 Bh6 12. Nf3 Bxc1 13. Kxc1 Na6 14. Bxa6 bxa6 15. Kd2 Bd7 16. Ke3 Rb8 17. b3 c5 18. Ne5 Be6 19. Na4 Rc8 20. Rad1 Nd7 21. Nf3 f6 22. Rhg1 Rxg1 23. Nxg1 Rc7 24. f4 Bf7 25. Nf3 Be6 26. f5 Bf7 27. c4 Rb7 28. Rd3 Rc7 29. Kf4 Rc6 30. e5 fxe5+ 31. Nxe5 Nxe5 32.
Kxe5 h4 33. Nc3 Bh5 34. Ne4 Be2 35. Re3 Bf1 36. Kf4 Bg2 37. Ng5 Rd6 38. Ne6 Rc6 39. Kg4 Kf7 40. Kxh4 Kf6 41. Kg4 Rd6 42. h4 Bc6 43. h5 Bd7 44. h6 Rd1 45. h7 Rg1+ 46. Rg3 Rh1 47. Rh3 Rg1+ 48. Kf4 Rf1+ 49. Ke3 1-0

[Event "Early-Titled-Tuesday-Blitz-March-12-2024"]
[Site "Chess.com"]
[Date "2024.03.12"]
[Round "1"]
[White "SuperPower2011"]
[Black "Rainbow2014"]
[Result "1-0"]
[WhiteElo "2811"]
[BlackElo "2447"]
[TimeControl "180+1"]
[EndTime "8:06:07 PDT"]
[Termination "SuperPower2011 won on time"]

1. d4 Nf6 2. c4 e6 3. Nc3 Bb4 4. e3 O-O 5. Bd3 c5 6. Ne2 cxd4 7. exd4 d5 8. c5 b6 9. a3 Bxc3+ 10. Nxc3 bxc5 11. dxc5 e5 12. Bg5 Be6 13. O-O h6 14.
Bh4 g5 15. Bg3 e4 16. Bc2 Bf5 17. Bd6 Be6 18. f3 e3 19. Qd3 Nc6 20. Ne2 d4 21. Nxd4 Nxd4 22. Qxd4 e2 23. Rfe1 Nd5 24. Qd3 1-0

[Event "Early-Titled-Tuesday-Blitz-March-12-2024"]
[Site "Chess.com"]
[Date "2024.03.12"]
[Round "1"]
[White "Flawless_Fighter"]
[Black "AttilaTurzo"]
[Result "1-0"]
[WhiteElo "2836"]
[BlackElo "2466"]
[TimeControl "180+1"]
[EndTime "8:06:08 PDT"]
[Termination "Flawless_Fighter won on time"]

1. e4 c5 2. Nf3 d6 3. Bb5+ Nd7 4. O-O Nf6 5. Re1 a6 6. Bf1 e5 7. c3 Be7 8. d4 O-O 9. h3 b6 10. Bg5 Bb7 11. Nbd2 h6 12. Bh4 Nh7 13. Bg3 Bf6 14. dxe5 Bxe5 15. Nxe5 dxe5 16. Nc4 Qe7 17. a4 Bc6 18.
Qc2 Rfd8 19. f3 Nhf8 20. Ne3 g6 21. Red1 Ne6 22. Nd5 Qg5 23. Bf2 Bxd5 24. exd5 Nf4 25.
Kh1 Nf6 26. d6 N6d5 27. Qe4 Nf6 28. Qe1 a5 29. Rd2 N6h5 30. Bh4 Qf5 31. g4 Qe6 32. Bxd8 Rxd8 33. gxh5 Nxh3 34. Bxh3 1-0

[Event "Early-Titled-Tuesday-Blitz-March-12-2024"]
[Site "Chess.com"]
[Date "2024.03.12"]
[Round "1"]
[White "Hanging_pointer"]
[Black "David_George21"]
[Result "1-0"]
[WhiteElo "2675"]
[BlackElo "2299"]
[TimeControl "180+1"]
[EndTime "8:06:08 PDT"]
[Termination "Hanging_pointer won on time"]

1. d4 Nf6 2. c4 e6 3. Nf3 b6 4.
Nc3 Bb7 5. Bg5 Be7 6. e3 O-O 7. Be2 d6 8. O-O Nbd7 9. Qc2 e5 10. dxe5 dxe5 11. Rad1 Qc8 12. Nd5 Nxd5 13. cxd5 f6 14.
Bh4 Rd8 15. Bb5 Nf8 16. Nxe5 g5 17. Nc6 Bxc6 18. Bxc6 gxh4 19. Bxa8 Qxa8 20. Qxc7 Bd6 21. Qc4 Ng6 22. Qg4 Qb8 23. g3 hxg3 24. hxg3 Kh8 25. f4 Rf8 26. e4 Rg8 27. Qf5 Nxf4 28. Qxf6+ Rg7 29. Kh1 Be5 30. Qf5 Ng6 31. Rc1 1-0

[Event "Early-Titled-Tuesday-Blitz-March-12-2024"]
[Site "Chess.com"]
[Date "2024.03.12"]
[Round "1"]
[White "DonkyDonkyDonkey"]
[Black "Triumphmate"]
[Result "1/2-1/2"]
[WhiteElo "2893"]
[BlackElo "2514"]
[TimeControl "180+1"]
[EndTime "8:06:09 PDT"]
[Termination "Game drawn by repetition"]

1. d4 d5 2. Nc3 f5 3. Bf4 e6 4. Nb5 Na6 5. e3 Nf6 6. Nf3 c6 7. Nc3 Nb8 8. Ne5 Bd6 9. Bd3 O-O 10. O-O Qc7 11. Bg3 Nbd7 12. f4 Ne4 13. Nxe4 fxe4 14. Be2 b6 15. c3 Bb7 16. Bg4 Rae8 17. Bh3 Bxe5 18. fxe5 Ba6 19. Rxf8+ Nxf8 20. Bh4 Ng6 21. Qh5 Qf7 22. g3 Nxh4 23. Qxf7+ Kxf7 24. gxh4 Ke7 25. a4 Bd3 26. Bf1 Bxf1 27. Rxf1 Rf8 28. Rxf8 Kxf8 29.
Kg2 Kf7 30. Kg3 Kg6 31. Kg4 h5+ 32. Kf4 Kh6 33. c4 a5 34. c5 bxc5 35. dxc5 Kg6 36. b3 Kh6 37. Kg3 Kg6 38. Kf4 Kh6 39. Kg3 Kg6 40.
Kf4 1/2-1/2

[Event "Early-Titled-Tuesday-Blitz-March-12-2024"]
[Site "Chess.com"]
[Date "2024.03.12"]
[Round "1"]
[White "Herman-NY"]
[Black "Oleksandr_Bortnyk"]
[Result "0-1"]
[WhiteElo "2552"]
[BlackElo "3016"]
[TimeControl "180+1"]
[EndTime "8:06:11 PDT"]
[Termination "Oleksandr_Bortnyk won by resignation"]

1. e4 Nf6 2. e5 Nd5 3. d4 d6 4. c4 Nb6 5. f4 dxe5 6. fxe5 Bf5 7. Nc3 e6 8. Be3 Bb4 9. Nf3 c5 10. a3 Bxc3+ 11. bxc3 Nc6 12. Be2 O-O 13. O-O Na5 14. Nd2 Bg6 15. Rf4 Rc8 16. Qf1 Qc7 17. Rc1 cxd4 18.
cxd4 Nd5 19. Rf3 Nxe3 20. Rxe3 Rfd8 21. Qf4 Qb6 22. Nf3 Qb2 23. Rcc3 b5 24. c5 Nc6 25. Kf2 a6 26. Rb3 Qa1 27. Rec3 Na5 28. Rc1 Qa2 29. Rbc3 Qb2 30. R1c2 Bxc2 0-1

[Event "Early-Titled-Tuesday-Blitz-March-12-2024"]
[Site "Chess.com"]
[Date "2024.03.12"]
[Round "1"]
[White "Boorchess"]
[Black "TigrVShlyape"]
[Result "0-1"]
[WhiteElo "2524"]
[BlackElo "2917"]
[TimeControl "180+1"]
[EndTime "8:06:11 PDT"]
[Termination "TigrVShlyape won on time"]

1. d4 f5 2. c4 Nf6 3. Nc3 e6 4. a3 g6 5. g3 Bg7 6. Bg2 O-O 7. e3 d6 8. b4 e5 9. Nge2 e4 10. Bb2 c6 11. Qb3 Be6 12. d5 Bf7 13.
Nf4 Qe7 14. O-O-O Nbd7 15. Rd2 Nb6 16. Rhd1 cxd5 17. Ncxd5 Nfxd5 18. Bxg7 Kxg7 19. cxd5 Rfc8+ 20. Kb1 Qe5 21. Rd4 Rc7 22. Ne6+ Bxe6 23. dxe6 d5 24. f3 Rac8 25. fxe4 Rc3 26. Qb2 Na4 27. Qa2 Rxe3 28. Ka1 fxe4 29. Qxd5 Rxa3+ 30. Kb1 Nc3+ 31. Kb2 Nxd5 32.
Kxa3 Ne3 33. Rd7+ Kh6 0-1

[Event "Early-Titled-Tuesday-Blitz-March-12-2024"]
[Site "Chess.com"]
[Date "2024.03.12"]
[Round "1"]
[White "FrankieJay"]
[Black "MatthewG-p4p"]
[Result "0-1"]
[WhiteElo "2491"]
[BlackElo "2881"]
[TimeControl "180+1"]
[EndTime "8:06:12 PDT"]
[Termination "MatthewG-p4p won by resignation"]

1. e4 e6 2. d4 d5 3. Nc3 Bb4 4. e5 Ne7 5. a3 Bxc3+ 6. bxc3 c5 7. Qg4 cxd4 8. Qxg7 Rg8 9. Qxh7 Qc7 10. Qd3 Qxe5+ 11. Ne2 dxc3 12. Qxc3 Qxc3+ 13. Nxc3 Nbc6 14. h4 e5 15. Bg5 Bf5 16. O-O-O d4 17. Na4 Rc8 18. Bd3 Bxd3 19. Rxd3 Nd5 20. Nc5 f6 21. Bd2 Rxg2 22. Nxb7 Ke7 23. h5 e4 24. Rg3 Rxg3 25.
fxg3 e3 26. Be1 Ne5 27. h6 d3 28.
h7 Rxc2+ 29. Kb1 Nf7 30. h8=Q Nxh8 31. Rxh8 d2 32. Bxd2 Rxd2 33. Nc5 0-1

[Event "Early-Titled-Tuesday-Blitz-March-12-2024"]
[Site "Chess.com"]
[Date "2024.03.12"]
[Round "1"]
[White "AnishOnYoutube"]
[Black "xakevicius91"]
[Result "1-0"]
[WhiteElo "3053"]
[BlackElo "2563"]
[TimeControl "180+1"]
[EndTime "8:06:13 PDT"]
[Termination "AnishOnYoutube won by resignation"]

1. d4 Nf6 2. c4 e6 3. Nf3 b6 4. g3 Bb7 5. Bg2 Be7 6. O-O O-O 7.
Nc3 Ne4 8. Bd2 Bf6 9. Qc2 Nxc3 10. Bxc3 Qc8 11. e4 d6 12. h4 h6 13. Rad1 Nd7 14.
Rfe1 a6 15. b3 Re8 16. Bh3 c5 17. d5 Bxc3 18. Qxc3 exd5 19. cxd5 Qc7 20. Re3 Rad8 21. Rde1 b5 22. b4 c4 23. Nd4 Ne5 24. f4 Nd7 25.
Nf5 f6 26. g4 Nf8 27. g5 fxg5 28. hxg5 Bc8 29. gxh6 Bxf5 30. Bxf5 g6 31. Rg3 Kh7 32. Qf6 Qe7 33. Bxg6+ Nxg6 34. Qxg6+ Kh8 35. Qg7+ Qxg7 36.
Rxg7 Rg8 37. Rxg8+ Rxg8+ 38. Kf2 Rg4 39. Kf3 Rh4 40.
e5 dxe5 41. fxe5 c3 42. e6 c2 43. e7 Rh3+ 44. Kf4 Rh4+ 45. Kf5 Rh5+ 46. Kg6 1-0

[Event "Early-Titled-Tuesday-Blitz-March-12-2024"]
[Site "Chess.com"]
[Date "2024.03.12"]
[Round "1"]
[White "Maluco_do_Natal_00"]
[Black "WilsonPalencia21"]
[Result "0-1"]
[WhiteElo "1981"]
[BlackElo "2578"]
[TimeControl "180+1"]
[EndTime "8:06:18 PDT"]
[Termination "WilsonPalencia21 won on time"]

1. e4 c5 2. Nf3 d6 3. d4 cxd4 4. Nxd4 Nf6 5. Nc3 g6 6. Be3 Bg7 7. f3 Nc6 8. Qd2 O-O 9. Bc4 Ne5 10.
Bb3 Bd7 11. h4 h5 12. O-O-O Rc8 13. Bg5 Rc5 14. Rhe1 Qc8 15. Bxf6 Bxf6 16. Nd5 Bxh4 17. g3 Rxd5 18. gxh4 Rxd4 19. Qxd4 Nxf3 20. Qxa7 Nxe1 21.
Rxe1 Bc6 22. Rg1 Bxe4 23. Qe3 d5 24. c3 Qf5 25. Rg5 Qf1+ 26. Kd2 e6 27. c4 Rd8 28. c5 Qb1 29. Qc3 d4 0-1

[Event "Early-Titled-Tuesday-Blitz-March-12-2024"]
[Site "Chess.com"]
[Date "2024.03.12"]
[Round "1"]
[White "NMJeevanK"]
[Black "vaniavindy"]
[Result "1-0"]
[WhiteElo "2602"]
[BlackElo "2133"]
[TimeControl "180+1"]
[EndTime "8:06:21 PDT"]
[Termination "NMJeevanK won on time"]

1. e4 c6 2. Nf3 d5 3. e5 Bg4 4. d4 Bxf3 5. Qxf3 e6 6. Bd3 c5 7. c3 cxd4 8. cxd4 Nc6 9. Be3 Bb4+ 10. Nc3 Qa5 11. O-O Bxc3 12. bxc3 Qxc3 13. Qg3 Qxd3 14. Qxg7 O-O-O 15. Qxh8 Qg6 16. Rfc1 Kd7 17. Rab1 b6 18. Rb3 Nce7 19. Rbc3 b5 20. Rc7+ Ke8 21.
h4 Nf5 22. Bg5 Nxd4 23. Rc8 Rxc8 24. Rxc8+ Kd7 25. Qxg8 Ne2+ 26. Kh2 Qxg8 27. Rxg8 d4 28. Rg7 1-0

[Event "Early-Titled-Tuesday-Blitz-March-12-2024"]
[Site "Chess.com"]
[Date "2024.03.12"]
[Round "1"]
[White "LiamPutnam2008"]
[Black "Shuvalov"]
[Result "0-1"]
[WhiteElo "2889"]
[BlackElo "2526"]
[TimeControl "180+1"]
[EndTime "8:06:23 PDT"]
[Termination "Shuvalov won by resignation"]

1. e4 e6 2. d4 d5 3. Nd2 c5 4. Ngf3 Nc6 5. exd5 exd5 6. Bb5 Qe7+ 7. Kf1 Nf6 8. Ne5 Qc7 9. Ndf3 cxd4 10. Qxd4 Bd6 11.
Bf4 O-O 12. Bxc6 bxc6 13. Nd3 Ba6 14. Bxd6 Qxd6 15. g3 Rfe8 16. Kg2 Ne4 17. Rhe1 c5 18. Qe3 Bb7 19. Qf4 Qb6 20. b3 f6 21. c4 d4 22. Kg1 Nc3 23. Rxe8+ Rxe8 24. Kg2 Qc6 25. Re1 Ne2 26. Qg4 g6 27. h4 f5 28. Qg5 Qxf3+ 0-1

[Event "Early-Titled-Tuesday-Blitz-March-12-2024"]
[Site "Chess.com"]
[Date "2024.03.12"]
[Round "1"]
[White "andrew-blr"]
[Black "PetrolulSah"]
[Result "1-0"]
[WhiteElo "2625"]
[BlackElo "2221"]
[TimeControl "180+1"]
[EndTime "8:06:23 PDT"]
[Termination "andrew-blr won by resignation"]

1. d4 d5 2. c4 c6 3. Nf3 Nf6 4. e3 Bf5 5. Nc3 e6 6. Nh4 Be4 7. f3 Bg6 8. g3 Be7 9. Bd2 O-O 10. Nxg6 hxg6 11. Kf2 Nbd7 12. Kg2 e5 13. cxd5 cxd5 14. Qb3 Qb6 15. Qxb6 axb6 16. Bd3 Rfe8 17. Rhc1 Bb4 18. a3 Bxc3 19. bxc3 e4 20. Be2 exf3+ 21. Bxf3 Ne4 22. Bxe4 Rxe4 23. c4 dxc4 24. Rxc4 Nf6 25. Rc7 Nd5 26. Rxb7 f5 27. Kf2 Rc8 28. Rc1 Ree8 29. Rd7 Nf6 30. Rdc7 Ne4+ 31. Ke2 Rxc7 32. Rxc7 Ra8 33. Bb4 g5 34.
Rb7 Ra6 35. Kd3 g4 36. Kc4 Ng5 37. Kb5 Ra8 38. Rxb6 Nf3 39. a4 Nxh2 40. Bd6 Nf1 41. Bf4 g5 42. Rg6+ Kf7 43. Rxg5 Kf6 44. Rh5 Re8 45.
Rh6+ Kg7 46. Rh1 Nd2 47. a5 Ne4 48. a6 Nf6 49. Be5 1-0

[Event "Early-Titled-Tuesday-Blitz-March-12-2024"]
[Site "Chess.com"]
[Date "2024.03.12"]
[Round "1"]
[White "HajiyevKanan"]
[Black "ljm509"]
[Result "1-0"]
[WhiteElo "2586"]
[BlackElo "2013"]
[TimeControl "180+1"]
[EndTime "8:06:25 PDT"]
[Termination "HajiyevKanan won by checkmate"]

1. d4 e6 2. Nf3 d5 3. c4 dxc4 4.
Nc3 a6 5. a4 c5 6. d5 Nf6 7. e4 exd5 8. e5 Ne4 9. Nxd5 Nc6 10.
Bxc4 Qa5+ 11. Bd2 Nxd2 12. Qxd2 Qd8 13. O-O Be6 14. Rad1 Be7 15. Qe3 Bxd5 16. Bxd5 Qc7 17. e6 f6 18. Qe4 Rc8 19. Nh4 O-O 20. Nf5 Rfe8 21. h4 g6 22. Nh6+ Kg7 23. Nf7 b5 24. axb5 axb5 25. Qe3 Nd4 26. Qh6+ Kg8 27. h5 Nf5 28.
Qd2 g5 29. Be4 Nd4 30. Qd3 h6 31. Bh7+ Kf8 32. Qg6 Nxe6 33. Qg8# 1-0

[Event "Early-Titled-Tuesday-Blitz-March-12-2024"]
[Site "Chess.com"]
[Date "2024.03.12"]
[Round "1"]
[White "Jospem"]
[Black "viktorskliarov"]
[Result "1-0"]
[WhiteElo "3115"]
[BlackElo "2568"]
[TimeControl "180+1"]
[EndTime "8:06:27 PDT"]
[Termination "Jospem won by resignation"]

1. e4 c5 2. Nf3 Nc6 3. c3 Nf6 4.
Bd3 d5 5. e5 Ng4 6. Bb5 a6 7.
Bxc6+ bxc6 8. d3 h5 9. h3 Nh6 10. Qe2 Nf5 11. Nbd2 e6 12. Nf1 Be7 13. Ng3 g6 14.
Nxf5 gxf5 15. h4 a5 16. Bg5 Ba6 17. Rd1 a4 18. O-O Qa5 19. Qe3 Rg8 20. Rc1 Rg6 21. Rfd1 Kd7 22. Bxe7 Kxe7 23. Ng5 Rb8 24. Rd2 Rb7 25. Kh2 c4 26. d4 a3 27. Rcc2 axb2 28. Rxb2 Rxb2 29. Rxb2 Bb5 30. Qd2 Qa3 31. f3 Rg8 32.
Nh3 Kd7 33. Ng5 Rg7 34. Rb1 Ke7 35. Nh3 Rg8 36. Nf4 Ra8 37. Nxh5 Qxa2 38. Qg5+ Kd7 39. Rc1 Qf2 40. Nf6+ Kc7 41. h5 Ra2 42. h6 Qxf3 43. h7 Rxg2+ 44. Qxg2 Qf4+ 45. Qg3 Qxc1 46. h8=Q Qd2+ 47.
Kh3 Ba4 1-0

[Event "Early-Titled-Tuesday-Blitz-March-12-2024"]
[Site "Chess.com"]
[Date "2024.03.12"]
[Round "1"]
[White "Vladimir_Zakhartsov"]
[Black "Vasily85"]
[Result "1-0"]
[WhiteElo "2854"]
[BlackElo "2472"]
[TimeControl "180+1"]
[EndTime "8:06:29 PDT"]
[Termination "Vladimir_Zakhartsov won by resignation"]

1. d4 Nf6 2. c4 e6 3. Nf3 d5 4.
g3 Be7 5. Bg2 O-O 6. Nc3 dxc4 7.
Ne5 Nc6 8. Bxc6 bxc6 9. Nxc6 Qe8 10. Nxe7+ Qxe7 11. Qa4 c5 12. dxc5 Qxc5 13. Be3 Qh5 14. f3 Nd5 15. Bd4 Nxc3 16. Bxc3 e5 17. Qxc4 Be6 18.
Qe4 f6 19. Kf2 Rfd8 20. h4 Qf7 21. a3 Bd5 22. Qe3 a5 23. g4 a4 24. g5 Kh8 25.
Rag1 Qa7 26. h5 Qxe3+ 27. Kxe3 f5 28. Bxe5 Kg8 29. Kf4 Bc4 30. Rc1 Bxe2 31. Rc7 Rd3 32. Rxg7+ Kf8 33. Rh3 Rc8 34. Rxh7 Rc4+ 35. Kxf5 Bxf3 36.
Rxf3 Rxf3+ 37. Kg6 Rc6+ 38. Bf6 Ke8 39. h6 Rf2 40. Re7+ Kf8 41. h7 Rh2 42. Ra7 Ke8 43. Kg7 1-0